 Dungeon Crawl Stone Soup version 0.23.2-33-g5129a83184 (webtiles) character file.

Game seed: 8654485017076443018

144 Gwenloh the Twirler (level 5, -4/69 HPs)
             Began as a Minotaur Gladiator on July 7, 2019.
             Slain by Crazy Yiuf
             ... wielding a +4 quarterstaff of chaos
              (5 damage)
             ... on level 2 of the Dungeon.
             The game lasted 00:04:25 (1973 turns).

Gwenloh the Twirler (Minotaur Gladiator)            Turns: 1973, Time: 00:04:26

Health: -4/69      AC: 22    Str: 23    XL:     5   Next: 5%
Magic:  4/4        EV:  2    Int:  5    God:
Gold:   107        SH:  0    Dex: 13    Spells: 4/4 levels left

rFire    . . .     SeeInvis .   a - +0 quarterstaff
rCold    . . .     Gourm    .   (shield currently unavailable)
rNeg     + + +     Faith    .   (armour currently unavailable)
rPois    +         Spirit   .   (helmet currently unavailable)
rElec    .         Reflect  .   (cloak currently unavailable)
rCorr    .         Harm     .   (gloves currently unavailable)
MR       .....     NoTele   +   (boots currently unavailable)
Stlth    +.........             (no amulet)
HPRegen  0.21/turn              (no ring)
MPRegen  0.09/turn              (no ring)

@: mighty, lethally poisoned (-4 -> -22), tree-form
A: (retaliatory headbutt)
a: no special abilities


You were on level 2 of the Dungeon.
You were not hungry.
You were a tree.
You visited 1 branch of the dungeon, and saw 2 of its levels.

You collected 107 gold pieces.

Inventory:

Hand Weapons
 a - a +0 quarterstaff (weapon)
Missiles
 d - 3 throwing nets (quivered)
 m - 18 arrows
Armour
 b - a +0 leather armour (melded)
 c - a +0 hat (melded)
Scrolls
 n - a scroll of amnesia
 p - a scroll of teleportation
Potions
 e - a potion of lignification
 h - a potion of brilliance {unknown}
 i - a potion of invisibility {unknown}
 k - a potion of flight {unknown}
 l - a potion of haste {unknown}
 o - a potion of curing {unknown}
Comestibles
 f - 5 rations
 g - a chunk of flesh


   Skills:
 + Level 3.7 Fighting
 + Level 4.7 Staves
 - Level 2.0 Throwing
 + Level 2.7 Armour
 + Level 4.2 Dodging


You had 4 spell levels left.
You didn't know any spells.
Your spell library was empty.

Dungeon Overview and Level Annotations

Branches:
Dungeon (2/15)

Altars:

Annotations:
D:2 Crazy Yiuf


Innate Abilities, Weirdness & Mutations

((You reflexively headbutt those who attack you in melee.))
((You have a pair of horns on your head.))


Message History

You are more poisoned.
Really quaff the potion of lignification?
You turn into a tree.
Your +0 hat melds into your body.
Your +0 leather armour melds into your body.
Your roots penetrate the ground.
* * * LOW HITPOINT WARNING * * *
You feel sick. Crazy Yiuf hits you but does no damage.
You sock Crazy Yiuf!
Crazy Yiuf is severely wounded.
* * * LOW HITPOINT WARNING * * *
You feel sick.
Crazy Yiuf hits you with a +4 quarterstaff of chaos.
* * * LOW HITPOINT WARNING * * *
Crazy Yiuf freezes you.
* * * LOW HITPOINT WARNING * * *
You hit Crazy Yiuf.
Crazy Yiuf is severely wounded.
* * * LOW HITPOINT WARNING * * *
You feel sick. Crazy Yiuf hits you but does no damage. Space bends around you.
You die...

..#
#....#######..).....
..# #....#
#.##........ ###
♣....♣ #..#.......#
♣...♣♣ #..#....(..#
# ♣♣.♣♣ #..+<#######
## ♣.♣♣ #..#.# .#
♣♣.♣ #....# .## ♣.♣♣
#.#..# ..# ♣♣♣♣
#.#..####### ♣.#
*#g#* #.##>.......
P.# *...*
#.########## ..#
#...# #...........
♣.# #..)#
#######...## ♣.#
##### #...# ..#
#)..# ###
###########..÷## #
#...............


You could see Crazy Yiuf.

Vanquished Creatures
  Jessica (D:2)
  Robin (D:2)
  3 adders (D:2)
  An ooze (D:2)
  4 worms (D:2)
  3 dart slugs
  2 giant cockroaches
  16 goblins
  8 hobgoblins
  6 kobolds
  2 quokkas (D:2)
  6 bats
  A frilled lizard (D:1)
  3 rats
57 creatures vanquished.

Notes
Turn   | Place    | Note
-------+----------+-------------------------------------------
     0 | D:1      | Gwenloh the Minotaur Gladiator began the quest for the Orb.
     0 | D:1      | Reached XP level 1. HP: 18/18 MP: 0/0
   425 | D:1      | Reached XP level 2. HP: 25/25 MP: 1/1
   438 | D:1      | Reached skill level 1 in Armour
  1071 | D:2      | Reached XP level 3. HP: 28/31 MP: 2/2
  1154 | D:2      | Noticed Robin
  1158 | D:2      | Killed Robin
  1331 | D:2      | Reached XP level 4. HP: 38/38 MP: 3/3
  1401 | D:2      | Found a runed translucent door.
  1402 | D:2      | Noticed Crazy Yiuf
  1667 | D:2      | Noticed Jessica
  1671 | D:2      | Killed Jessica
  1807 | D:2      | Reached XP level 5. HP: 46/46 MP: 4/4
  1972 | D:2      | HP: 3/69 [Crazy Yiuf/+4 quarterstaff of chaos (2)]
  1973 | D:2      | HP: 1/69 [poisoned by Crazy Yiuf]
  1973 | D:2      | Slain by Crazy Yiuf

Skill      XL: |  1  2  3  4 |
---------------+-------------+-----
Armour         | 1 2 |  2.7
Staves         | 4 |  4.7
Fighting       | 3 |  3.7
Dodging        | 4 |  4.2
Throwing       | |  2.0

Action                   |  1- 3 |  4- 6 || total
-------------------------+-------+-------++-------
Melee: Quarterstaff      |    87 |    33 ||   120
       Headbutt          |    12 |     6 ||    18
  Use: Scroll            |     5 |     1 ||     6
       Potion            |       |     2 ||     2
  Eat: Chunk             |     1 |     2 ||     3
Armor: Leather armour    |    11 |     2 ||    13
       Skin              |       |     2 ||     2
Dodge: Dodged            |    48 |    15 ||    63
